 Dungeon Crawl Stone Soup version 0.25-a0-566-g062765be81 (webtiles) character file.

Game seed: 18413558264593714705, levelgen mode: deterministic

39 An17 the Ruffian (level 3, -6/31 HPs)
             Began as a Naga Transmuter on Feb 28, 2020.
             Killed from afar by Sigmund (9 damage)
             ... with a magic dart
             ... on level 2 of the Dungeon.
             The game lasted 00:04:26 (1545 turns).

An17 the Ruffian (Naga Transmuter)                  Turns: 1545, Time: 00:04:26

Health: -6/31      AC:  2    Str: 12    XL:     3   Next: 45%
Magic:  5/6        EV:  9    Int: 14    God:
Gold:   84         SH:  0    Dex: 11    Spells: 5/6 levels left

rFire    . . .     SeeInvis +     - Unarmed
rCold    . . .     Gourm    .   (no shield)
rNeg     . . .     Faith    .   e - +0 leather armour
rPois    +         Spirit   .   (no helmet)
rElec    .         Reflect  .   (no cloak)
rCorr    .         Harm     .   (no gloves)
MR       .....                  (no barding)
Stlth    +.........             (no amulet)
HPRegen  0.10/turn              (no ring)
MPRegen  0.10/turn              (no ring)

@: mighty, appendage (expiring), very slow
A: large, horns 2, see invisible, deformed body, poison resistance, slowness 2,
slow metabolism 1, spit poison 1, AC +1
a: Spit Poison, End Transformation


You were on level 2 of the Dungeon.
You were not hungry.
You had grown temporary horns.
You visited 1 branch of the dungeon, and saw 2 of its levels.

You collected 84 gold pieces.

Inventory:

Missiles
 a - 12 arrows
Armour
 e - a +0 leather armour (worn)
Wands
 j - a wand of flame (13)
Scrolls
 f - a scroll of remove curse
Potions
 c - a potion of lignification
 g - a potion of ambrosia
 h - a potion of cancellation {unknown}
 i - a potion of curing {unknown}
 k - a potion of heal wounds {unknown}
Comestibles
 d - a ration


   Skills:
 + Level 1.1 Fighting
 + Level 0.1 Armour
 + Level 1.9 Dodging
 + Level 3.6 Unarmed Combat
 + Level 2.2 Spellcasting
 + Level 2.3 Transmutations


You had 5 spell levels left.
You knew the following spells:

 Your Spells              Type           Power        Failure   Level  Hunger
a - Beastly Appendage     Tmut           #.....       11%         1    #......

Your spell library contained the following spells:

 Spells                   Type           Power        Failure   Level  Hunger
 Sticks to Snakes         Tmut           #.......     17%         2    ###....
 Spider Form              Tmut/Pois      #.........   47%         3    ###....
 Ice Form                 Ice/Tmut       #.......     87%         4    #####..
 Blade Hands              Tmut           #.........   97%         5    ######.


Dungeon Overview and Level Annotations

Branches:
Dungeon (2/15)

Altars:

Annotations:
D:2 Sigmund


Innate Abilities, Weirdness & Mutations

You cannot wear boots.
Your serpentine skin is tough. (AC +1)
You have supernaturally acute eyesight. (SInv)
Armour fits poorly on your strangely shaped body.
Your system is resistant to poisons. (rPois)
You cover ground very slowly.
You have a slow metabolism.
You can spit poison.
You have a pair of horns on your head.


Message History

Sigmund is moderately wounded.
Sigmund hits you with a +0 scythe!
You barely miss Sigmund.
Sigmund is moderately wounded.
You hit Sigmund.
Sigmund is moderately wounded.
Your transformation is almost over.
Sigmund hits you with a +0 scythe!
* * * LOW HITPOINT WARNING * * *
Okay, then.
It was a potion of might.
You feel very mighty all of a sudden. Sigmund barely misses you.
You punch Sigmund!
Sigmund is severely wounded.
You barely miss Sigmund.
Sigmund is severely wounded.
Sigmund gestures at you while chanting. The magic dart hits you!
You die...

#........
#........ #
#..(..... .#
#........ ####.
#........ ##...
#........ #.$.
#........ ##@####
#########
#.@...#.# #..
##.##.#.# #..
#.#..#.#########..
#.#.##........##..
#.#.##........##..
#.#.##............
#.#.##........#<..
#.#.............##
#.#####.........#


You could see Sigmund (invisible).

Vanquished Creatures
  An adder (D:2)
  An ooze (D:2)
  A worm (D:2)
  2 leopard geckos (D:2)
  2 giant cockroaches (D:1)
  6 goblins
  A hobgoblin (D:1)
  A bat (D:1)
  2 frilled lizards
  3 rats
20 creatures vanquished.

Notes
Turn   | Place    | Note
-------+----------+-------------------------------------------
     0 | D:1      | An17 the Naga Transmuter began the quest for the Orb.
     0 | D:1      | Reached XP level 1. HP: 18/18 MP: 3/3
   403 | D:1      | Reached XP level 2. HP: 25/25 MP: 5/5
  1158 | D:2      | Reached XP level 3. HP: 22/31 MP: 4/6
  1186 | D:2      | HP: 1/31 [leopard gecko (4)]
  1212 | D:2      | HP: 1/46 [worm (5)]
  1536 | D:2      | Noticed Sigmund
  1545 | D:2      | Killed from afar by Sigmund

Levels and vault maps discovered:
D:1:      dpeg_arrival_tiny_a, layout_loops_ring
D:2:      layout_basic, evilmike_ruin_ashenzari,
          chequers_ecumenical_altar_simple, uniq_robin, uniq_sigmund

Action                   || total
-------------------------++-------
Melee: Unarmed           ||    85
       Punch             ||     1
       Headbutt          ||     5
 Cast: Beastly Appendage ||     7
 Abil: Spit Poison       ||     5
  Use: Scroll            ||     3
       Potion            ||     3
  Eat: Ration            ||     1
Armor: Robe              ||     1
       Leather armour    ||    14
       Skin              ||     1
Dodge: Dodged            ||    40

Table legend:
 A = Non-vault XP
 B = Vault XP
 C = Vault XP percentage of total XP
 D = Non-vault monster count
 E = Vault monster count
 F = Vault count percentage of total count
                 A         B        C        D         E       F
            +---------+---------+-------+---------+---------+-------
      Total |      56 |       0 |   0.0 |      20 |       0 |   0.0
            +---------+---------+-------+---------+---------+-------
        D:1 |      19 |       0 |   0.0 |      11 |       0 |   0.0
        D:2 |      37 |       0 |   0.0 |       9 |       0 |   0.0
            +---------+---------+-------+---------+---------+-------
